Map: Year Zero LE

Players

Rail

  • Race: Protoss Protoss
  • League: Grandmaster
  • Spawn Location: 11:00

Lambo - Winner!

  • Race: Zerg Zerg
  • League: Master
  • Spawn Location: 1:00

VOD

Have the link to the VOD?

Description

Time

  • Played on: Feb. 10, 2019, 12:44 p.m.
  • Length: 7:07
Show
View Real Time Build Order
Export as new Build Order

Rail Protoss 

Build Orders: 1 Gate Expand, Oracle Opening, Phoenix Opening, Mass Phoenix 

Get SALT Encoding   

  12  0:00  Probe  
  13  0:12  Probe  
  14  0:18  Pylon  
  14  0:25  Probe  
  15  0:33  Probe  
  15  0:42  Probe  
  16  0:43  Gateway  
  16  0:49  Assimilator  
  17  0:51  Probe  
  18  1:03  Probe  
  19  1:15  Probe  
  20  1:26  Nexus  
  20  1:36  Cybernetics Core  
  20  1:39  Probe  
  21  1:44  Assimilator  
  21  1:51  Probe  
  22  1:55  Pylon  
  22  2:03  Adept, Probe  
  23  2:15  Probe  
  26  2:19  Stargate  
  26  2:27  Probe  
  27  2:30  Warp Gate  
  27  2:33  Adept  
  27  2:34  Probe  
  27  2:36  Probe  
  28  2:42  Probe  
  30  2:45  Probe  
  32  2:52  Probe  
  32  2:55  Probe  
  32  2:56  Phoenix  
  34  3:04  Probe  
  37  3:07  Probe  
  38  3:16  Probe  
  38  3:18  Oracle  
  38  3:19  Probe  
  43  3:27  Pylon  
  43  3:28  Probe  
  43  3:30  Assimilator  
  43  3:31  Probe  
  43  3:33  Assimilator  
  45  3:40  Probe  
  46  3:44  Gateway  
  46  3:45  Probe  
  47  3:52  Probe, Pylon  
  48  3:57  Probe, Stargate  
  48  3:59  Phoenix  
  48  4:00  Probe  
  49  4:08  Probe  
  49  4:09  Probe  
  53  4:16  Twilight Council  
  54  4:19  Probe  
  54  4:21  Probe, Phoenix  
  56  4:28  Pylon  
  59  4:31  Probe  
  59  4:34  Probe  
  60  4:42  Phoenix  
  62  4:46  Adept  
  62  4:51  Pylon  
  64  4:53  Resonating Glaives  
  64  4:56  Phoenix  
  66  5:04  Nexus  
  66  5:10  Adept x2, Phoenix  
  70  5:14  Pylon  
  70  5:16  Phoenix  
  74  5:29  Probe  
  74  5:33  Phoenix  
  74  5:35  Adept  
  79  5:36  Adept  
  79  5:39  Probe  
  82  5:44  Probe  
  82  5:46  Phoenix  
  85  5:51  Probe  
  86  5:58  Pylon  
  86  6:09  Robotics Facility x2  
  86  6:16  Adept x2, Probe x2  
  86  6:18  Probe  
  93  6:28  Probe x2  
  93  6:30  Probe  
  96  6:36  Pylon  
  96  6:39  Pylon  
  94  6:40  Probe  
  94  6:42  Probe  
  98  6:47  Adept x2  
Show
View Real Time Build Order
Export as new Build Order

Lambo Zerg - Winner!

Build Orders: Hatch First 

Get SALT Encoding   

  12  0:01  Drone  
  13  0:13  Overlord  
  13  0:18  Drone  
  14  0:31  Drone x2  
  16  0:50  Hatchery  
  16  0:53  Drone  
  16  0:56  Drone  
  17  0:59  Drone  
  18  1:10  Extractor  
  17  1:14  Spawning Pool  
  17  1:18  Drone  
  17  1:22  Drone  
  18  1:28  Drone  
  19  1:39  Drone  
  20  1:50  Drone  
  21  2:03  Queen x2  
  21  2:04  Zergling x4  
  27  2:12  Metabolic Boost  
  27  2:14  Drone  
  28  2:16  Overlord  
  28  2:34  Hatchery  
  28  2:35  Drone  
  28  2:38  Drone  
  28  2:41  Drone  
  28  2:43  Drone  
  31  2:47  Drone  
  31  2:48  Drone  
  33  2:55  Overlord  
  33  2:58  Drone  
  34  3:02  Queen  
  36  3:16  Drone x2  
  36  3:17  Drone x2  
  36  3:18  Overlord  
  36  3:19  Drone x2  
  42  3:21  Drone  
  42  3:23  Drone  
  44  3:27  Overlord  
  44  3:41  Spore Crawler  
  44  3:42  Drone  
  44  3:44  Queen  
  44  3:48  Drone x2  
  48  3:51  Zergling x4  
  48  3:52  Zergling x2  
  48  3:53  Drone  
  48  3:54  Spore Crawler  
  51  3:57  Queen  
  51  3:58  Drone  
  51  4:00  Drone  
  55  4:03  Overlord  
  55  4:06  Drone  
  56  4:10  Drone x2  
  58  4:18  Lair, Roach Warren  
  58  4:21  Extractor  
  58  4:22  Drone  
  58  4:23  Extractor, Drone  
  57  4:26  Overlord  
  57  4:28  Drone  
  57  4:29  Drone  
  57  4:30  Drone  
  60  4:33  Drone  
  60  4:34  Drone  
  62  4:40  Overlord  
  62  4:43  Queen  
  62  4:45  Overlord  
  64  4:47  Drone x2  
  64  4:51  Overlord  
  66  4:54  Overlord  
  65  5:01  Overlord  
  65  5:02  Drone x5  
  65  5:06  Drone x2  
  72  5:10  Queen  
  74  5:18  Drone x4  
  74  5:19  Drone x3  
  74  5:21  Drone  
  82  5:23  Drone  
  82  5:26  Glial Reconstitution  
  82  5:27  Extractor  
  82  5:29  Extractor, Overlord  
  80  5:36  Overseer  
  80  5:40  Overlord  
  80  5:41  Roach x5  
  90  5:46  Queen  
  90  5:48  Nydus Network  
  91  5:50  Roach x2  
  93  5:57  Roach x4  
  93  6:03  Roach x3  
  93  6:04  Roach  
  105  6:06  Zergling x2  
  105  6:08  Roach x2  
  110  6:11  Queen  
  110  6:14  Overlord  
  110  6:17  Roach  
  114  6:20  Overlord  
  114  6:25  Nydus Canal  
  114  6:28  Roach x2  
  113  6:36  Roach x4  
  120  6:40  Nydus Canal  
  120  6:43  Roach x3  
  120  6:46  Roach  
  120  6:47  Roach  
Tags
 
Add a new tag
Caveats
  • Supply blocks, unpowered buildings, or Contaminate may cause inaccurate times.
  • Supply counts are checked every 10 seconds.